 Dungeon Sprint DCSS version 0.31-a0-152-g6aa68a64a1 (webtiles) character file.

Game seed: 14019949821741622906

591 Conn the Arsonist (level 7, -3/42 HPs)
             Began as an Octopode Fire Elementalist on June 11, 2023.
             Was an Initiate of Sif Muna.
             Slain by a tentacle (20 damage)
             ... attached to a kraken
             ... in the Dungeon (Sprint II: "The Violet Keep of Menkaure").
             The game lasted 00:03:55 (167 turns).

Conn the Arsonist (Octopode Fire Elementalist)       Turns: 167, Time: 00:03:58

Health: -3/42      AC:  1    Str:  8    XL:     7   Next: 39%
Magic:  9/18       EV: 14    Int: 19    God:    Sif Muna [......]
Gold:   125        SH:  0    Dex: 12    Spells: 11/21 levels left

rFire   . .          .
                       - Unarmed
rCold   . . .        (no shield)
rNeg    . . .        (helmet restricted)
rPois   .            (no amulet)
rElec   .            (no ring)
rCorr   .            (no ring)
SInv    .            (no ring)
Will    .....        (no ring)
Stlth   +++++        (no ring)
HPRegen 0.27/turn    (no ring)
MPRegen 0.16/turn    (no ring)
                     (no ring)

%: no teleportation
@: no status effects
A: almost no armour, amphibious, 8 rings, camouflage 1, gelatinous body 1,
nimble swimmer 1, tentacles
a: Renounce Religion


You were in the Dungeon.
You worshipped Sif Muna.
Sif Muna was noncommittal.
You visited 1 branch You collected 243 gold pieces.
You spent 118 gold pieces at shops.

Inventory:

Wands
 g - a wand of charming (11)
Scrolls
 f - a scroll of blinking
Potions
 a - 3 potions of magic
 b - a potion of curing
 c - a potion of heal wounds
 d - 2 potions of lignification


   Skills:
 + Level 0.3 Fighting
 + Level 5.0 Dodging
 + Level 6.1 Stealth
 + Level 3.4 Unarmed Combat
 * Level 7.6 Spellcasting
 * Level 6.3 Conjurations
 + Level 9.8 Fire Magic


You had 11 spell levels left.
You knew the following spells:

 Your Spells              Type           Power      Damage    Failure   Level
a - Foxfire               Conj/Fire      100%       2x1d9     1%          1
b - Scorch                Fire           88%        2d9       1%          2
c - Inner Flame           Hex/Fire       25%        N/A       3%          3
d - Flame Wave            Conj/Fire      37%        2d10      3%          4

Your spell library contained the following spells:

 Spells                   Type           Power      Damage    Failure   Level
 Volatile Blastmotes      Fire/Tloc      50%        2d14      3%          3


Dungeon Overview and Level Annotations

Branches:
Dungeon (1/1)

Altars:
Cheibriados
Dithmenos
Elyvilon
Fedhas
Gozag
Hepliaklqana
Kikubaaqudgha
Makhleb
Nemelex Xobeh
Okawaru
Qazlal
Ru
Sif Muna
Trog
Uskayaw
Vehumet
Wu Jian
Xom
Yredelemnul
Zin
The Shining One
Jiyva
Lugonu

Shops:
D [:(!=(:[=?!?!=:

Annotations:
D exclusion: oklob plant


Innate Abilities, Weirdness & Mutations

You cannot wear most types of armour.
You are amphibious.
You can wear up to eight rings at the same time.
Your skin changes colour to match your surroundings (Stealth+).
Your rubbery body absorbs attacks. (AC +1, EV +1)
You are camouflaged when in or above water. (Stealth+)
You have tentacles for arms and can constrict up to eight enemies at once.


Message History

Unknown command.
The water moccasin hisses angrily.
Tentacles burst out of the water! 2 tentacles come into view.
Aiming: Charm
Press: ? - help, Shift-Dir - straight line, f - kraken
Aim: a kraken (water, chance to affect: 17%)
Okay, then.
Okay, then.
Really read the scroll of poison?
The air fills with toxic fumes!
As you read the scroll of poison, it crumbles to dust.
The tentacle is engulfed in poison gas.
The tentacle is poisoned.
The tentacle is engulfed in poison gas.
The tentacle is poisoned.
Unknown command.
Casting: Scorch (safe; 1% risk of failure)
Confirm with . or Enter, or press ? or * to list all spells.
Flames lash something.
The walls and floor vibrate strangely for a moment.
The tentacle is engulfed in poison gas.
The tentacle looks even sicker.
The tentacle slaps you.
The tentacle is engulfed in poison gas.
The tentacle looks even sicker.
The tentacle segment is engulfed in poison gas.
The tentacle segment is poisoned.
The tentacle segment is engulfed in poison gas.
The tentacle segment is poisoned.
The tentacle is engulfed in poison gas.
The tentacle looks even sicker.
The tentacle slaps you!!
Ouch! That really hurt!
The tentacle is engulfed in poison gas.
The tentacle looks even sicker.
Unknown command.
Casting: Scorch (safe; 1% risk of failure)
Confirm with . or Enter, or press ? or * to list all spells.
Casting: Flame Wave (dangerous; 3% risk of failure)
Press: ? - help, Dir - look around, f - activate A wave of flame ripples out!
The flame wave engulfs the tentacle.
The tentacle is moderately wounded. (Press . to intensify the flame waves.)
The tentacle is engulfed in poison gas.
The tentacle looks as sick as possible!
The tentacle slaps you!!
You die...

+.### :▓?$=!?$)!▓▓ ..#
...# #▓?$=$:$$(▓▓ ..##
#..# #▓!)[=!$??▓▓ #..#
+..# #▓$!)!$$$$▓▓ #..#
#..# #▓?[!!$$?!▓▓
+..####..####▓!$??$=[$▓▓
#.§..###.§§##▓▓▓▓▓▓▓+▓▓▓▓
#......~~§§§§§§§@w§§──wXw
~~....§~#§########+###V≈w
~~§~§..~#.._.....#SS~#
~§~~§~.~#._._....#§§≈§#
≈§≈§~~~~#_._._...#~§§~≈#
~≈≈§≈~~~#._._._..#~~~≈≈≈
≈≈≈§≈≈≈~#_._._._.#§§§§~≈
≈§§###≈≈#._._._._#§§§§§S
#≈≈# #≈≈#_._._._.#~


You could see a kraken, 2 tentacles and 2 water moccasins.

Vanquished Creatures
  A vampire mosquito (D)
  Menkaure (D)
  A water moccasin (D)
  4 necrophages (D)
7 creatures vanquished.

Vanquished Creatures (others)
  14 foxfires (D)
  7 tentacles (D)
21 creatures vanquished.

Grand Total: 28 creatures vanquished

Notes
Turn   | Place    | Note
-------+----------+-------------------------------------------
     0 | D        | Conn the Octopode Fire Elementalist began the quest for the
                  | Orb.
     0 | D        | Reached XP level 1. HP: 11/11 MP: 3/3
     1 | D        | Noticed a necrophage
     1 | D        | Noticed a necrophage
     1 | D        | Noticed a necrophage
     1 | D        | Noticed a necrophage
     7 | D        | Killed a necrophage
     8 | D        | Reached skill level 5 in Fire Magic
     8 | D        | Reached XP level 2. HP: 17/17 MP: 4/7
     8 | D        | Reached XP level 3. HP: 21/21 MP: 4/8
     8 | D        | Reached XP level 4. HP: 27/27 MP: 5/10
    12 | D        | Killed a necrophage
    13 | D        | Reached skill level 1 in Unarmed Combat
    13 | D        | Reached skill level 6 in Fire Magic
    13 | D        | Reached XP level 5. HP: 31/31 MP: 6/12
    18 | D        | Reached skill level 5 in Spellcasting
    18 | D        | Reached skill level 7 in Fire Magic
    23 | D        | Reached skill level 5 in Stealth
    23 | D        | Reached skill level 8 in Fire Magic
    23 | D        | Reached XP level 6. HP: 21/36 MP: 7/14
    28 | D        | Found Qaedghaiph's Book Shop.
    28 | D        | Found Putym's Magic Scroll Boutique.
    28 | D        | Found Pujoph's Jewellery Boutique.
    28 | D        | Found Wonoff's Distillery.
    29 | D        | Found Areciyt's Magic Scroll Shop.
    29 | D        | Found Xuowixzosh's Jewellery Boutique.
    29 | D        | Found Nevucwat's Antique Armour Boutique.
    30 | D        | Found Lumeh's Antique Weapon Boutique.
    30 | D        | Found Iroelano's Jewellery Shop.
    30 | D        | Noticed a redback
    30 | D        | Noticed a water moccasin
    35 | D        | Killed a water moccasin
    36 | D        | Reached skill level 5 in Conjurations
    36 | D        | Found Baam's Distillery.
    36 | D        | Found Deicuath's Book Boutique.
    37 | D        | Found Fialohum's Distillery.
    37 | D        | Found Ypnaem's Antique Weapon Shop.
    37 | D        | Noticed Menkaure
    37 | D        | Noticed a redback
    37 | D        | Noticed an oklob plant
    43 | D        | Learned a level 2 spell: Scorch
    47 | D        | Learned a level 3 spell: Inner Flame
    55 | D        | Killed Menkaure
    56 | D        | Reached skill level 9 in Fire Magic
    56 | D        | Reached XP level 7. HP: 24/41 MP: 2/17
    61 | D        | Found Elicuwn's Book Shoppe.
    61 | D        | Found Qafipen's Antique Armour Boutique.
    69 | D        | Bought a potion of lignification for 33 gold pieces
    69 | D        | Bought a potion of lignification for 33 gold pieces
    86 | D        | Bought a scroll of poison for 52 gold pieces
    96 | D        | Learned a level 4 spell: Flame Wave
   100 | D        | Noticed a vampire mosquito
   104 | D        | Killed a vampire mosquito
   105 | D        | Reached skill level 5 in Dodging
   114 | D        | Noticed an ice statue
   130 | D        | Found a stormy altar of Qazlal.
   130 | D        | Found an ornate altar of the Wu Jian Council.
   130 | D        | Found a glowing golden altar of the Shining One.
   131 | D        | Found a hazy altar of Hepliaklqana.
   131 | D        | Found a sacrificial altar of Ru.
   131 | D        | Found a shimmering altar of Xom.
   132 | D        | Found a viscous altar of Jiyva.
   132 | D        | Found a shimmering blue altar of Sif Muna.
   132 | D        | Found a basalt altar of Yredelemnul.
   133 | D        | Found a snail-covered altar of Cheibriados.
   133 | D        | Found an ancient bone altar of Kikubaaqudgha.
   133 | D        | Found a bloodstained altar of Trog.
   134 | D        | Found a shadowy altar of Dithmenos.
   134 | D        | Found a corrupted altar of Lugonu.
   134 | D        | Found a hide-covered altar of Uskayaw.
   135 | D        | Found a white marble altar of Elyvilon.
   135 | D        | Found a burning altar of Makhleb.
   136 | D        | Found a blossoming altar of Fedhas.
   138 | D        | Found an opulent altar of Gozag.
   138 | D        | Found a sparkling altar of Nemelex Xobeh.
   139 | D        | Found a glowing silver altar of Zin.
   139 | D        | Found a radiant altar of Vehumet.
   139 | D        | Found an iron altar of Okawaru.
   144 | D        | Became a worshipper of Sif Muna the Loreminder
   157 | D        | Noticed a kraken
   167 | D        | Slain by a tentacle

Illustrated notes

Levels and vault maps discovered:
D:        the_violet_keep_of_menkaure [sprint2_stairs_cluster_1,
          sprint2_shoproom, sprint2_temple, sprint2_basic_supplies,
          sprint2_obstacle_2, sprint2_obstacle_6, sprint2_obstacle_1,
          sprint2_obstacle_3, sprint2_obstacle_4, sprint2_timed_cluster_1,
          sprint2_smallroom_cluster_1, sprint2_smallroom_final_cluster_1,
          sprint2_transparent_cluster_1, sprint2_second_timed_cluster_1,
          sprint2_sniper_area_1, sprint2_heavy_combat_area_1,
          sprint2_mutation_trap_area_1, sprint2_forest_area_1,
          sprint2_light_combat_area_1, sprint2_behind_water_1,
          sprint2_near_end_vault_1]

Skill      XL: |  1  2  3  4  5  6  7 |
---------------+----------------------+-----
Dodging        | 3 4 5 |  5.0
Stealth        | 3 4 5 6 |  6.1
Spellcasting   | 4 5 7 |  7.6
Conjurations   | 3 4 5 6 |  6.3
Fire Magic     | 5 6 8 9 |  9.8
Unarmed Combat | 1 2 3 |  3.4
Fighting       | |  0.3

Action                     |  1- 3 |  4- 6 |  7- 9 || total
---------------------------+-------+-------+-------++-------
  Melee: Unarmed           |     4 |    16 |       ||    20
         Tentacles         |     1 |     2 |       ||     3
         Constrict         |     1 |     3 |       ||     4
         Punch             |     1 |       |       ||     1
   Cast: Foxfire           |       |     9 |     2 ||    11
         Scorch            |       |       |     2 ||     2
         Flame Wave        |       |       |     1 ||     1
    Use: Potion            |     2 |       |       ||     2
         Scroll            |       |       |     1 ||     1
 Armour: Skin              |     1 |     1 |       ||     2
  Dodge: Dodged            |       |     4 |       ||     4

Table legend: (Time is in decaauts)
 A = Elapsed time spent in this place.
 B = Non-inter-level travel time spent in this place.
 C = Inter-level travel time spent in this place.
 D = Time resting spent in this place.
 E = Time spent auto-exploring this place.
 F = Levels seen in this place.
 G = Mean time per level.
                   A        B        C        D        E       F      G
               +--------+--------+--------+--------+--------+-----+--------+
         Total |    157 |    157 |      0 |      0 |      0 |   1 |  157.0 |
       Dungeon |    157 |    157 |      0 |      0 |      0 |   1 |  157.0 |
               +--------+--------+--------+--------+--------+-----+--------+

Top non-repeatable levels by time:
       D: 157 daAuts
